 Dungeon Crawl Stone Soup version 0.30.1-9-gdf580d7c3d (webtiles) character file.

Game seed: 11044239746704872166

287 Ivernyr the Trooper (level 6, -8/51 HPs)
             Began as a Formicid Fighter on Sept 30, 2023.
             Mangled by an ogre
             ... wielding a +0 giant club
              (22 damage)
             ... on level 4 of the Dungeon.
             The game lasted 00:05:58 (1827 turns).

Ivernyr the Trooper (Formicid Fighter)              Turns: 1827, Time: 00:05:58

Health: -8/51      AC:  7    Str: 29    XL:     6   Next: 56%
Magic:  6/6        EV:  9    Int:  7    God:
Gold:   143        SH:  5    Dex: 13    Spells: 5/5 levels left

rFire   . . .        a - +0 flail
rCold   . . .        c - +0 buckler
rNeg    . . .        b - +0 scale mail
rPois   .            (helmet unavailable)
rElec   .            (no cloak)
rCorr   .            (no gloves)
SInv    +            (no boots)
Will    .....        h - amulet of regeneration Stlth
                     p - +6 ring of strength
HPRegen 1.08/turn    (no ring)
MPRegen 0.10/turn

%: no passive effects
@: mighty
A: permanent stasis, dig shafts and tunnels, antennae 3, four strong arms
a: Dig, Shaft Self


You were on level 4 of the Dungeon.
You visited 1 branch of the dungeon, and saw 4 of its levels.

You collected 143 gold pieces.

Inventory:

Hand Weapons
 a - a +0 flail (weapon)
Armour
 b - a +0 scale mail (worn)
 c - a +0 buckler (worn)
Jewellery
 h - an amulet of regeneration (around neck)
 p - a +6 ring of strength (left hand)
 t - a ring of magical power
Scrolls
 e - 2 scrolls of enchant weapon {unknown}
 f - a scroll of amnesia {unknown}
 g - a scroll of enchant armour {unknown}
 i - a scroll of noise {unknown}
 j - a scroll of vulnerability {unknown}
 k - 2 scrolls of poison {unknown}
 l - a scroll of brand weapon {unknown}
 m - a scroll of torment {unknown}
 n - 3 scrolls of blinking {unknown}
 o - 2 scrolls of teleportation {unknown}
 q - a scroll of identify {unknown}
 s - a scroll of magic mapping {unknown}
Potions
 r - a potion of degeneration {unknown}


   Skills:
 + Level 5.1 Fighting
 + Level 4.0 Maces & Flails
 + Level 5.0 Armour
 - Level 4.0 Shields


You had 5 spell levels left.
You didn't know any spells.
Your spell library was empty.

Dungeon Overview and Level Annotations

Branches:
Dungeon (4/15)
 Temple: D:4-7

Altars:


Innate Abilities, Weirdness & Mutations

You cannot be hasted, slowed, berserked, paralysed or teleported.
You can dig through walls and to a lower floor.
You have a pair of large antennae on your head. (SInv)
Your four strong arms can wield two-handed weapons with a shield.


Message History

You see here a quokka corpse.
Done exploring.
Done exploring.
Key pressed, stopping explore.
Okay, then.
(D) Dungeon
Where to? (Enter - D:3, ? - help)
What level of the Dungeon? (default 1, ? - help)
There is a stone staircase leading down here.
You climb downwards.
The ogre shouts!
You sense a monster nearby.
Found a scroll labelled PANOHUCEJ.
Found an escape hatch in the floor.
Found a stone staircase leading down.
There is a stone staircase leading up here.
You hit the ogre.
The ogre is lightly wounded.
You block the ogre's attack.
You hit the ogre.
The ogre is moderately wounded.
You sock the ogre!
The ogre is severely wounded.
The ogre hits you with a +0 giant club!
You sock the ogre!
You kill the ogre!
Your Fighting skill increases to level 5!
Your Maces & Flails skill increases to level 4!
Your Armour skill increases to level 5!
You start resting.
HP restored.
An ogre comes into view. It is wielding a +0 giant club.
You closely miss the ogre.
The ogre hits you with a +0 giant club!!
You hit the ogre.
The ogre is lightly wounded.
The ogre hits you with a +0 giant club!
* * * LOW HITPOINT WARNING * * *
You feel very mighty all of a sudden.
The ogre hits you with a +0 giant club!!
You die...

## .. #. #.####
#..O.# . #@# ...
.###.#.###.....
........<.......
..#####.#)...###
........#
#.####..## ..?
...# ..# >>...
.## #....


You could see an ogre.

Vanquished Creatures
  An ogre (D:4)
  A scorpion (D:3)
  Robin (D:3)
  3 adders
  4 gnolls
  2 worms (D:2)
  7 ball pythons
  7 bats
  3 endoplasms
  2 giant cockroaches (D:2)
  13 goblins
  9 hobgoblins
  2 quokkas
  3 frilled lizards
  5 kobolds
  6 rats
69 creatures vanquished.

Notes
Turn   | Place    | Note
-------+----------+-------------------------------------------
     0 | D:1      | Ivernyr the Formicid Fighter began the quest for the Orb.
     0 | D:1      | Reached XP level 1. HP: 18/18 MP: 1/1
    68 | D:1      | Reached XP level 2. HP: 22/24 MP: 2/2
   608 | D:2      | Reached XP level 3. HP: 30/30 MP: 3/3
  1024 | D:2      | Reached XP level 4. HP: 37/37 MP: 4/4
  1335 | D:2      | Reached XP level 5. HP: 43/43 MP: 5/5
  1408 | D:3      | Noticed Robin
  1502 | D:3      | Killed Robin
  1593 | D:3      | Reached XP level 6. HP: 42/50 MP: 6/6
  1808 | D:4      | Noticed an ogre
  1816 | D:4      | Killed an ogre
  1817 | D:4      | Reached skill level 5 in Fighting
  1817 | D:4      | Reached skill level 5 in Armour
  1824 | D:4      | Noticed an ogre
  1827 | D:4      | Mangled by an ogre

Illustrated notes

Levels and vault maps discovered:
D:1:      lemuel_arrival_lava_pool, layout_rooms
D:2:      layout_loops_ring
D:3:      layout_rooms, uniq_robin
D:4:      layout_rooms, chequers_avenue

Skill      XL: |  1  2  3  4  5  6 |
---------------+-------------------+-----
Fighting       | 4 5 |  5.1
Armour         | 4 5 |  5.0
Maces & Flails | 3 4 |  4.0
Shields        | |  4.0

Action                     |  1- 3 |  4- 6 || total
---------------------------+-------+-------++-------
  Melee: Flail             |   115 |    90 ||   205
    Use: Potion            |       |     1 ||     1
   Stab: Distracted        |       |     1 ||     1
 Armour: Scale mail        |    65 |    46 ||   111
  Dodge: Dodged            |    64 |    54 ||   118
  Block: Buckler           |    31 |    25 ||    56
